 Dungeon Crawl Stone Soup version 0.28-a0-563-gf77a47075d (webtiles) character file.

Game seed: 15883334155824929680

224 siradein the Ducker (level 5, -5/28 HPs)
             Began as a Spriggan Abyssal Knight on Oct 1, 2021.
             Was a Priest of Lugonu.
             Killed from afar by Blork the orc (12 damage)
             ... with a puff of frost
             ... on level 3 of the Dungeon.
             The game lasted 00:16:28 (4541 turns).

siradein the Ducker (Spriggan Abyssal Knight)       Turns: 4541, Time: 00:16:28

Health: -5/28      AC:  2    Str: 10    XL:     5   Next: 67%
Magic:  8/8        EV: 18    Int: 12    God:    Lugonu [***...]
Gold:   187        SH:  0    Dex: 15    Spells: 4/4 levels left

rFire   . . .      SeeInvis +   c - +0 hunting sling
rCold   . . .      Faith    .   (shield restricted)
rNeg    . . .      Spirit   .   b - +0 robe
rPois   .          Reflect  .   (helmet restricted)
rElec   .          Harm     .   (no cloak)
rCorr   .          Rampage  .   (gloves unavailable)
Will    .....                   (boots unavailable)
Stlth   ++........              i - amulet of magic regeneration
HPRegen 0.09/turn               (no ring)
MPRegen 0.36/turn               (no ring)

@: very quick
A: very small, no large weapons, unfitting armour, see invisible, speed 3
a: Renounce Religion, Depart the Abyss, Bend Space, Banish


You were on level 3 of the Dungeon.
You worshipped Lugonu.
Lugonu was most pleased with you.
You visited 1 branch of the dungeon, and saw 4 of its levels.
You visited the Abyss 1 time.

You collected 187 gold pieces.

Inventory:

Hand Weapons
 c - a +0 hunting sling (weapon)
 k - a +2 dagger of speed
Missiles
 e - 18 poisoned darts
 g - 32 sling bullets
 h - 37 stones (quivered ammo)
Armour
 b - a +0 robe (worn)
Jewellery
 i - an amulet of magic regeneration (around neck)
Scrolls
 a - a scroll of acquirement {unknown}
 d - a scroll of teleportation {unknown}
 f - 2 scrolls of fog {unknown}
 l - 2 scrolls of identify {unknown}
 p - a scroll of holy word {unknown}
 q - a scroll of summoning {unknown}
 r - a scroll of vulnerability {unknown}
 t - a scroll of amnesia {unknown}
Potions
 j - 2 potions of flight {unknown}
 m - 2 potions of heal wounds {unknown}
 n - 2 potions of brilliance {unknown}
 o - 2 potions of degeneration {unknown}
 s - a potion of might {unknown}


   Skills:
 + Level 3.0 Fighting
 + Level 3.3 Short Blades
 + Level 2.4 Slings
 + Level 4.5 Dodging
 + Level 3.1 Stealth
 + Level 2.8 Invocations


You had 4 spell levels left.
You didn't know any spells.
Your spell library contained the following spells:

 Spells                   Type           Power      Damage    Failure   Level
 Magic Dart               Conj           0%         1d3       32%         1
 Blink                    Tloc           N/A        N/A       45%         2
 Call Imp                 Summ           0%         N/A       45%         2
 Lesser Beckoning         Tloc           0%         N/A       69%         3
 Mephitic Cloud           Conj/Pois/Air  0%         N/A       69%         3
 Hailstorm                Conj/Ice       0%         3d3       97%         4
 Ice Form                 Ice/Tmut       0%         N/A       97%         4
 Manifold Assault         Tloc           0%         N/A       100%        5
 Simulacrum               Ice/Necr       0%         N/A       100%        6


Dungeon Overview and Level Annotations

Branches:
Dungeon (4/15)
 Temple: D:4-7

Altars:

Annotations:
D:3 Blork the orc


Innate Abilities, Weirdness & Mutations

You are very small and have problems with some larger weapons.
You are too small for most types of armour.
You have supernaturally acute eyesight. (SInv)
You cover ground extremely quickly. (Speed+++)


Message History

You shoot a stone. The stone hits Blork the orc.
Blork the orc is heavily wounded.
You shoot a stone. The stone hits Blork the orc.
Blork the orc is severely wounded.
Blork the orc casts a spell.
Blork the orc seems to speed up.
You shoot a stone. The stone hits Blork the orc.
Blork the orc is severely wounded.
Blork the orc screams, "I'll cover the dungeon with your blood!"
You shoot a stone. The stone barely misses Blork the orc.
Blork the orc barely misses you.
Blork the orc looks braver for a moment.
You see here a stone.
Blork the orc gestures at you while chanting.
The magic dart hits you.
You shoot a stone. The stone hits Blork the orc.
Blork the orc is almost dead.
You shoot a stone.
The stone hits Blork the orc but does no damage.
Blork the orc is almost dead.
Blork the orc points at you and mumbles some strange words.
The magic dart hits you!
You see here a +0 spear.
Blork the orc points at you and mumbles some strange words.
The puff of flame misses you.
You see here a +0 spear.
You see here a +0 club.
You are too injured to fight recklessly!
You are too injured to fight recklessly!
Fire: 38 stones
Press: ? - help, Q - select action, (/) - cycle Shift-Dir - straight line, f/p - Blork the orc
Aim: Blork the orc, wielding a +4 battleaxe of electrocution and wearing a +0 robe (severely wounded, fast, 64% to hit)
You shoot a stone. The stone hits Blork the orc.
Blork the orc is almost dead.
Blork the orc casts a spell at you. The magic dart hits you!
* * * LOW HITPOINT WARNING * * *
Blork the orc gestures at you while chanting.
The puff of frost hits you!
You die...

....##.#..)# #.........
###.##.#...#
#######...... #.##.#...#
##.#####.....#
#.##.#...#
#.)......#..##
#.##.#..o#
#####...####...##
###.##.#...#
#.............##
...........#
#.###..<#######
###.##.##..#####.####.##
#######
##.##.##..o....@.....#
##......
##..##.###.####.#######
##...#### .......###.#
#.#########.#.#.##
##.######..#
#................# #.#
#.## ###########.#.#†.#
#.# #.# ##...#.# ##.#
#.# ############.##.#
##.# #.#
#..........#.##.## ##.#
#.# #.########.#......


You could see Blork the orc (fast).

Vanquished Creatures
  A necrophage (D:3)
  Terence (D:2)
  4 gnolls (D:3)
  An adder (D:2)
  A dart slug (D:3)
  An orc (D:3)
  3 ball pythons
  6 endoplasms
  4 giant cockroaches
  3 goblins
  6 hobgoblins
  3 jackals (D:1)
  6 kobolds
  5 quokkas
  4 bats
  4 frilled lizards
  7 rats
60 creatures vanquished.

Notes
Turn   | Place    | Note
-------+----------+-------------------------------------------
     0 | Abyss:1  | siradein the Spriggan Abyssal Knight began the quest for
                  | the Orb.
     0 | Abyss:1  | Reached XP level 1. HP: 11/11 MP: 3/3
    12 | D:1      | Escaped the Abyss
   487 | D:1      | Reached XP level 2. HP: 16/16 MP: 4/4
   587 | D:1      | Reached skill level 1 in Stealth
  1045 | D:1      | Reached ** piety under Lugonu
  1046 | D:1      | Reached skill level 1 in Slings
  1393 | D:1      | Reached XP level 3. HP: 19/19 MP: 5/5
  2378 | D:2      | Found a faded altar of an unknown god.
  2479 | D:2      | Noticed Terence
  2528 | D:2      | Killed Terence
  2529 | D:2      | Reached XP level 4. HP: 23/23 MP: 6/6
  3197 | D:3      | Reached skill level 4 in Dodging
  3885 | D:3      | Reached *** piety under Lugonu
  4107 | D:4      | Noticed a necrophage
  4218 | D:3      | Killed a necrophage
  4219 | D:3      | Reached XP level 5. HP: 23/28 MP: 6/8
  4427 | D:4      | Noticed Blork the orc
  4541 | D:3      | Killed from afar by Blork the orc

Illustrated notes

Levels and vault maps discovered:
D:1:      wheals_arrival_shading, layout_loops_corners, minmay_cut_off
D:2:      layout_loops_ring, shapermc_ecumenical_altar_flowoftime,
          serial_park_tiny_2, uniq_terence
D:3:      layout_loops_ring, kennysheep_generic_room_8
D:4:      corexii_shack_village, layout_rooms, minmay_liquid_box,
          chequers_mini_garden, uniq_blork_the_orc, uniq_sigmund

Skill      XL: |  1  2  3  4 |
---------------+-------------+-----
Invocations    | 2 |  2.8
Stealth        | 1 2 3 |  3.1
Slings         | 1 2 |  2.4
Dodging        | 4 |  4.5
Short Blades   | 3 |  3.3
Fighting       | 3 |  3.0

Action                   |  1- 3 |  4- 6 || total
-------------------------+-------+-------++-------
Melee: Dagger            |    31 |    15 ||    46
 Fire: Hunting sling     |   111 |   114 ||   225
 Stab: Sleeping          |     1 |       ||     1
Armor: Robe              |     3 |     2 ||     5
Dodge: Dodged            |    36 |    19 ||    55

Table legend: (Time is in decaauts)
 A = Elapsed time spent in this place.
 B = Non-inter-level travel time spent in this place.
 C = Inter-level travel time spent in this place.
 D = Time resting spent in this place.
 E = Time spent auto-exploring this place.
 F = Levels seen in this place.
 G = Mean time per level.
                   A        B        C        D        E       F      G
               +--------+--------+--------+--------+--------+-----+--------+
         Total |   3326 |   3241 |     85 |    308 |   2190 |   5 |  665.2 |
       Dungeon |   3319 |   3234 |     85 |    308 |   2188 |   4 |  829.8 |
         Abyss |      7 |      7 |      0 |      0 |      1 |   1 |    7.0 |
               +--------+--------+--------+--------+--------+-----+--------+

Top non-repeatable levels by time:
     D:1: 1680 daAuts
     D:3: 1065 daAuts
     D:2: 558 daAuts
     D:4: 14 daAuts
 Abyss:1: 7 daAuts
